 Dungeon Sprint DCSS version 0.28.0 (webtiles) character file.

Game seed: 7849323079703751592

7254 boopmooplesden the Protected (level 10, -11/97 HPs)
             Began as a Minotaur Fighter on Feb 5, 2022.
             Was a High Priest of Okawaru.
             Mangled by a spriggan defender (20 damage)
             ... in the Dungeon (Sprint IV: "Fedhas' Mad Dash").
             The game lasted 00:07:59 (2734 turns).

boopmooplesden the Protected (Minotaur Fighter)     Turns: 2734, Time: 00:07:59

Health: -11/97     AC: 15    Str: 22    XL:     10   Next: 88%
Magic:  10/11      EV: 14    Int:  5    God:    Okawaru [*****.]
Gold:   175        SH: 11    Dex: 19    Spells: 9/9 levels left

rFire   . . .      SeeInvis .   a - +0 long sword (drain)
rCold   . . .      Faith    .   f - +2 buckler
rNeg    . . .      Spirit   .   n - +0 chain mail
rPois   .          Reflect  .   (helmet restricted)
rElec   .          Harm     .   (no cloak)
rCorr   .          Rampage  .   (no gloves)
Will    .....      NoTele   +   (no boots)
Stlth   +++.......              d - amulet of invisibility {+Inv}
HPRegen 0.26/turn               k - +6 ring of dexterity
MPRegen 0.12/turn               (no ring)

@: lethally poisoned (-11 -> -17), heroic
A: horns 2, retaliatory headbutt
a: Renounce Religion, Evoke Invisibility, Heroism, Finesse


You were in the Dungeon.
You worshipped Okawaru.
Okawaru was extremely pleased with you.
You visited 1 branch You collected 219 gold pieces.
You spent 44 gold pieces at shops.

Inventory:

Hand Weapons
 a - a +0 long sword of draining (weapon)
Missiles
 i - 29 stones (quivered)
Armour
 b - a +1 scale mail
 c - a +0 buckler
 f - a +2 buckler (worn)
 n - a +0 chain mail (worn)
Jewellery
 d - the amulet of invisibility (around neck) {+Inv}
   (You found it in the Dungeon)

   [amulet of nothing]

   +Inv:      It lets you turn invisible.
 k - a +6 ring of dexterity (left hand)
Scrolls
 m - a scroll of blinking
Potions
 g - a potion of haste
 h - 2 potions of magic
Miscellaneous
 j - a box of beasts
 l - a phial of floods
 o - a lightning rod (4/4)


   Skills:
 + Level 12.2(17.2) Fighting
 + Level 14.2(19.2) Long Blades
 + Level 2.5(7.5) Throwing
 + Level 14.3(19.3) Armour
 + Level 5.0(10.0) Dodging
 + Level 9.3(14.3) Stealth
 + Level 11.7(16.7) Shields
 + Level 3.4 Invocations
 + Level 9.9 Evocations


You had 9 spell levels left.
You didn't know any spells.
Your spell library contained the following spells:

 Spells                   Type           Power      Damage    Failure   Level
 Freeze                   Ice            0%         1d3       92%         1
 Frozen Ramparts          Ice            0%         1d2       100%        3
 Hailstorm                Conj/Ice       0%         3d3       100%        4


Dungeon Overview and Level Annotations

Branches:
Dungeon (1/1)

Altars:
Cheibriados
Dithmenos
Elyvilon
Gozag
Hepliaklqana
Kikubaaqudgha
Makhleb
Nemelex Xobeh
Okawaru
Qazlal
Ru
Sif Muna
Trog
Uskayaw
Vehumet
Wu Jian
Xom
Yredelemnul
Zin
The Shining One
Beogh
Jiyva
Lugonu

Shops:
D *=((!((:


Innate Abilities, Weirdness & Mutations

You have a pair of horns on your head.
You reflexively headbutt those who attack you in melee.


Message History

You feel sick.
You block the spriggan defender's attack.
The spriggan defender blocks your attack.
Your headbutt misses the spriggan defender.
The spriggan defender is moderately wounded.
You feel sick.
The spriggan defender hits you with a +2 demon whip of venom.
You are more poisoned.
The spriggan defender blocks your attack.
The spriggan defender is moderately wounded.
You feel very sick.
The spriggan defender hits you with a +2 demon whip of venom!
The spriggan defender hits you with a +2 demon whip of venom.
You slash the spriggan defender! You headbutt the spriggan defender.
The spriggan defender is heavily wounded.
You feel very sick.
The spriggan defender hits you with a +2 demon whip of venom!
You are more poisoned.
The spriggan defender blocks your attack.
Your headbutt misses the spriggan defender.
The spriggan defender is heavily wounded.
You feel very sick.
You block the spriggan defender's attack.
You completely miss the spriggan defender.
The spriggan defender is heavily wounded.
You feel very sick.
The spriggan defender hits you with a +2 demon whip of venom!
* * * LOW HITPOINT WARNING * * *
You are more poisoned.
You feel better.
The spriggan defender hits you with a +2 demon whip of venom!!
* * * LOW HITPOINT WARNING * * *
You are lethally poisoned!
You feel better.
The spriggan defender hits you but does no damage.
You are poisoned.
You block the spriggan defender's attack.
You feel sick.
The spriggan defender hits you with a +2 demon whip of venom!!
You die...

###############################
⌠._._._._.⌠.#.)'...#....##∩##.#
._._._._._..'..#)..#....'..##'#
.._._._._...#..###'##...##∩#..###
._._._._._..#.(##∩∩.'...#####....
_._._._._.⌠.#################...∩
#################....[.###.....♣.
♣♣♣♣..♣.###.'..i@....))))'...♣..∩
....♣..♣##..#..#.......##########
.♣♣♣.♣).###.##'##.P....#
♣..♣...♣'...#♣)♣########
#############....i####
#).♣..♣....# #...♣......♣...♣
........♣.....∩.∩...
..################ ##


You could see a spriggan defender (drained).

Vanquished Creatures
  Agnes (D)
  A spriggan berserker (D)
  A spriggan druid (D)
  6 oklob plants (D)
  A demonic crawler (D)
  3 burning bushes (D)
  A queen bee (D)
  A hornet (D)
  3 wandering mushrooms (D)
  3 scorpions (D)
  4 killer bees (D)
  5 oklob saplings (D)
  5 spriggans (D)
  A river rat (D)
  A rat (D)
  A ballistomycete spore (D)
38 creatures vanquished.

Vanquished Creatures (others)
  A fungus (D)
1 creature vanquished.

Grand Total: 39 creatures vanquished

Notes
Turn   | Place    | Note
-------+----------+-------------------------------------------
     0 | D        | boopmooplesden the Minotaur Fighter began the quest for the
                  | Orb.
     0 | D        | Reached XP level 1. HP: 19/19 MP: 0/0
    10 | D        | Reached XP level 2. HP: 28/28 MP: 1/1
    21 | D        | Noticed a scorpion
    21 | D        | Found the amulet of invisibility {+Inv}
    23 | D        | Killed a scorpion
    24 | D        | Reached XP level 3. HP: 37/37 MP: 2/2
    24 | D        | Reached XP level 4. HP: 44/44 MP: 3/3
    59 | D        | Found an opulent altar of Gozag.
    59 | D        | Found a hazy altar of Hepliaklqana.
    59 | D        | Found a snail-covered altar of Cheibriados.
    61 | D        | Found a viscous altar of Jiyva.
    61 | D        | Found a burning altar of Makhleb.
    61 | D        | Found a sparkling altar of Nemelex Xobeh.
    61 | D        | Found a sacrificial altar of Ru.
    61 | D        | Found a shimmering blue altar of Sif Muna.
    61 | D        | Found a bloodstained altar of Trog.
    61 | D        | Found an ornate altar of the Wu Jian Council.
    61 | D        | Found a shimmering altar of Xom.
    61 | D        | Found a basalt altar of Yredelemnul.
    62 | D        | Found an iron altar of Okawaru.
    62 | D        | Found a shadowy altar of Dithmenos.
    62 | D        | Found a glowing silver altar of Zin.
    63 | D        | Found an ancient bone altar of Kikubaaqudgha.
    63 | D        | Found a hide-covered altar of Uskayaw.
    64 | D        | Found a stormy altar of Qazlal.
    64 | D        | Found a white marble altar of Elyvilon.
    64 | D        | Found a glowing golden altar of the Shining One.
    65 | D        | Found a corrupted altar of Lugonu.
    65 | D        | Found a radiant altar of Vehumet.
    71 | D        | Reached skill level 1 in Evocations
    71 | D        | Reached XP level 5. HP: 52/52 MP: 1/4
    73 | D        | Became a worshipper of Warmaster Okawaru
   118 | D        | Reached skill level 5 in Long Blades
   310 | D        | Reached skill level 1 in Stealth
   312 | D        | Reached XP level 6. HP: 62/62 MP: 2/5
   331 | D        | Found Lengaavo's Jewellery Shop.
   331 | D        | Found Kiutz's Assorted Antiques.
   337 | D        | Bought a scroll labelled FEYCID ANLAE for 22 gold pieces
   337 | D        | Bought a scroll labelled XASKANG ZOSI for 22 gold pieces
   341 | D        | Noticed a burning bush
   341 | D        | Noticed a wandering mushroom
   342 | D        | Noticed a wandering mushroom
   548 | D        | Killed a wandering mushroom
   553 | D        | Killed a wandering mushroom
   553 | D        | Reached * piety under Okawaru
   554 | D        | Reached skill level 1 in Throwing
   554 | D        | Reached skill level 10 in Armour
   554 | D        | Reached skill level 1 in Dodging
   554 | D        | Reached XP level 7. HP: 60/70 MP: 6/6
   568 | D        | Killed a burning bush
   569 | D        | Reached skill level 10 in Shields
   569 | D        | Reached skill level 5 in Evocations
   810 | D        | Found Hixkut's Distillery.
   811 | D        | Found Detil's Antique Weapon Emporium.
   868 | D        | Noticed a queen bee
   876 | D        | Reached XP level 8. HP: 78/79 MP: 3/7
   882 | D        | Reached ** piety under Okawaru
   885 | D        | Killed a queen bee
   886 | D        | Reached skill level 10 in Fighting
   892 | D        | Noticed an oklob plant
   909 | D        | Killed an oklob plant
   910 | D        | Reached skill level 10 in Long Blades
  1114 | D        | Noticed a burning bush
  1125 | D        | Killed a burning bush
  1141 | D        | Noticed a burning bush
  1141 | D        | Noticed an oklob plant
  1142 | D        | Noticed a wandering mushroom
  1183 | D        | Reached skill level 1 in Invocations
  1183 | D        | Reached XP level 9. HP: 49/86 MP: 8/8
  1344 | D        | Killed a burning bush
  1344 | D        | Reached *** piety under Okawaru
  1355 | D        | Killed an oklob plant
  1356 | D        | Reached skill level 5 in Stealth
  1397 | D        | Noticed a spriggan druid
  1402 | D        | Killed a spriggan druid
  1454 | D        | Noticed an oklob plant conjurer
  1464 | D        | Killed an oklob plant conjurer
  1464 | D        | Reached **** piety under Okawaru
  1805 | D        | Noticed an oklob plant
  1805 | D        | Noticed an oklob plant summoner
  1810 | D        | Noticed an oklob plant shifter
  1817 | D        | Killed an oklob plant summoner
  1825 | D        | Killed an oklob plant
  1826 | D        | Reached XP level 10. HP: 87/97 MP: 6/10
  2104 | D        | Killed an oklob plant shifter
  2136 | D        | Noticed a spriggan rider
  2152 | D        | Killed a spriggan rider
  2152 | D        | Reached ***** piety under Okawaru
  2154 | D        | Found Tibbabb's Antique Weapon Emporium.
  2344 | D        | Found Okhlouw's Book Shoppe.
  2396 | D        | Noticed Agnes
  2407 | D        | Killed Agnes
  2408 | D        | Found Roeqenti's Antique Weapon Emporium.
  2408 | D        | Noticed a spriggan berserker
  2421 | D        | Noticed a death yak
  2423 | D        | Killed a spriggan berserker
  2424 | D        | Reached skill level 5 in Dodging
  2712 | D        | Found Gujaivyud's Weapon Shoppe.
  2713 | D        | Noticed a spriggan defender
  2732 | D        | HP: 2/97 [spriggan defender (26)]
  2734 | D        | Mangled by a spriggan defender

Illustrated notes

Levels and vault maps discovered:
D:        dungeon_sprint_fedhas [sprint_temple]

Skill      XL: |  1  2  3  4  5  6  7  8  9 10 |
---------------+-------------------------------+-----
Fighting       | 4 6 7 8 9 10 11 12 | 12.2
Armour         | 4 6 7 8 10 11 12 14 | 14.3
Shields        | 4 6 7 8 9 10 11 | 11.7
Long Blades    | 3 4 5 7 8 10 13 14 | 14.2
Evocations     | 1 2 4 5 6 8 9 |  9.9
Stealth        | 1 2 3 4 7 9 |  9.3
Throwing       | 1 2 |  2.5
Dodging        | 1 2 4 5 |  5.0
Invocations    | 1 2 3 |  3.4

Action                   |  1- 3 |  4- 6 |  7- 9 | 10-12 || total
-------------------------+-------+-------+-------+-------++-------
Melee: Long sword        |     6 |    31 |    92 |    62 ||   191
       Headbutt          |     1 |    10 |    30 |    18 ||    59
Throw: Stone             |       |     6 |       |       ||     6
Invok: Heroism           |       |       |     5 |     5 ||    10
 Abil: Evoke Invisibilit |       |     4 |     7 |     4 ||    15
  Use: Potion            |     1 |     1 |     1 |     3 ||     6
       Scroll            |     1 |     2 |     2 |       ||     5
 Stab: Invisible         |       |     2 |    14 |     2 ||    18
       Sleeping          |       |       |     2 |       ||     2
Armor: Scale mail        |     3 |     7 |     6 |       ||    16
       Chain mail        |       |       |     1 |     6 ||     7
Dodge: Dodged            |     1 |    10 |    23 |    18 ||    52
Block: Buckler           |     1 |     5 |     3 |    16 ||    25
